 Seeded DCSS version 0.27.1-35-g4d5d836560 (webtiles) character file.

Game seed: 123123156 (custom seed)

53 codytheliberalslayer the Skirmisher (level 3, -7/33 HPs)
             Began as a Hill Orc Fighter on Aug 16, 2022.
             Mangled by a wraith (9 damage)
             ... created by the anger of Yredelemnul
             ... on level 2 of the Dungeon.
             The game lasted 00:10:58 (1718 turns).

codytheliberalslayer the Skirmisher (HOFi)          Turns: 1718, Time: 00:10:59

Health: -7/33      AC: 10    Str: 19    XL:     3   Next: 87%
Magic:  3/3        EV:  7    Int:  8    God:
Gold:   106        SH:  9    Dex: 10    Spells: 2/2 levels left

rFire    . . .     SeeInvis .   a - +1 war axe
rCold    . . .     Faith    .   c - +0 kite shield
rNeg     . . .     Spirit   .   b - +1 scale mail
rPois    .         Reflect  .   (no helmet)
rElec    .         Harm     .   j - +0 cloak
rCorr    .         Rampage  .   (no gloves)
Will     .....                  k - +0 pair of boots
Stlth    ..........             (no amulet)
HPRegen  0.11/turn              f - ring of wizardry
MPRegen  0.08/turn              (no ring)

@: slowed, very slow
A: no striking features
a: no special abilities


You were on level 2 of the Dungeon.
You visited 1 branch of the dungeon, and saw 2 of its levels.

You collected 106 gold pieces.

Inventory:

Hand Weapons
 a - a +1 war axe (weapon)
 m - a +0 hunting sling
Missiles
 e - 46 stones (quivered)
 g - 16 poisoned darts
Armour
 b - a +1 scale mail (worn)
 c - a +0 kite shield (worn)
 j - a +0 cloak (worn)
 k - a +0 pair of boots (worn)
Jewellery
 f - a ring of wizardry (left hand)
Scrolls
 i - a scroll of identify
 l - a scroll of summoning {unknown}
Potions
 d - 2 potions of curing
 h - a potion of brilliance


   Skills:
 + Level 4.2 Fighting
 + Level 3.9 Axes
 + Level 3.6 Armour
 + Level 0.1 Dodging
 + Level 0.2 Stealth
 + Level 3.7 Shields


You had 2 spell levels left.
You didn't know any spells.
Your spell library was empty.

Dungeon Overview and Level Annotations

Branches:
Dungeon (2/15)

Altars:
Yredelemnul


Message History

You now have 106 gold pieces (gained 6).
You slash the rat!
You kill the rat!
Found a stone staircase leading up.
Found a stone staircase leading down.
Yredelemnul sends a servant to punish you.
A wraith comes into view.
You hit the wraith but do no damage. You hit the wraith.
The wraith is lightly damaged.
The wraith hits you.
You closely miss the wraith.
The wraith is lightly damaged.
The wraith hits you. The wraith drains your vigour!
You feel yourself slow down. You block the wraith's attack.
You hit the wraith but do no damage.
The wraith is lightly damaged.
The wraith hits you. The wraith drains your vigour!
You feel as though you will be slow longer.
The wraith barely misses you.
You barely miss the wraith.
The wraith is lightly damaged.
The wraith hits you. The wraith drains your vigour!
You feel as though you will be slow longer.
The wraith hits you!
* * * LOW HITPOINT WARNING * * *
You feel better. The wraith hits you!
* * * LOW HITPOINT WARNING * * *
You block the wraith's attack.
You slash the wraith!
The wraith is moderately damaged.
You block the wraith's attack. The wraith hits you!
* * * LOW HITPOINT WARNING * * *
You block the wraith's attack. The wraith barely misses you.
The wraith barely misses you. The wraith barely misses you.
There is a stone staircase leading down here.
The wraith barely misses you. The wraith hits you!
You die...

.♣♣.. .... ................ ...♣
..... ............#### ..♣♣♣.....
###.............### ..........
................... .........#
#.##...#########...# #....#.#
#.##.## #########..
...###.#######.#..# ..........#
....##............# ####.####.#.#
...>............@.# #..#.#..#.#.#
....#...........W.# #..'.'..#.#.#
....##............#.####.##'#.#.#
##...#............#...........#.#
##...#.##.....#.#.#.####.##'#.#..
##..........#.#.#.# #..#.#..#.#..
##......#####.....#.#..'.'..#.#
#..##..##.......###.#'##.####.#
#..##.....###.#.# #...........#


You could see a wraith.

Vanquished Creatures
  2 dart slugs
  5 endoplasms
  2 giant cockroaches
  5 goblins
  2 hobgoblins (D:1)
  6 jackals (D:1)
  4 kobolds
  3 quokkas
  5 ball pythons
  3 bats
  3 frilled lizards (D:1)
  3 rats
43 creatures vanquished.

Notes
Turn   | Place    | Note
-------+----------+-------------------------------------------
     0 | D:1      | codytheliberalslayer the Hill Orc Fighter began the quest
                  | for the Orb.
     0 | D:1      | Reached XP level 1. HP: 19/19 MP: 1/1
    38 | D:1      | Found a faded altar of an unknown god.
    66 | D:1      | Became a worshipper of Yredelemnul the Dark
    66 | D:1      | Reached * piety under Yredelemnul
    68 | D:1      | Fell from the grace of Yredelemnul
   131 | D:1      | Reached XP level 2. HP: 18/27 MP: 2/2
   257 | D:1      | Reached skill level 4 in Fighting
   669 | D:1      | Reached XP level 3. HP: 32/32 MP: 3/3
  1703 | D:2      | Noticed a wraith
  1709 | D:2      | HP: 1/33 [wraith[the anger of Yredelemnul] (8)]
  1718 | D:2      | Mangled by a wraith

Illustrated notes

Levels and vault maps discovered:
D:1:      matt_arrival_los_fun, layout_basic, basic_ecumenical_altar, hex_tiny
D:2:      minmay_door_path, layout_rooms, chequers_garden,
          kennysheep_generic_room_12

Skill      XL: |  1  2 |
---------------+-------+-----
Axes           | 3 |  3.9
Fighting       | 4 |  4.2
Armour         | |  3.6
Dodging        | |  0.1
Stealth        | |  0.2
Shields        | |  3.7

Action                   || total
-------------------------++-------
Melee: War axe           ||   115
Invok: Renounce Religion ||     1
  Use: Potion            ||     3
       Scroll            ||     4
Armor: Scale mail        ||    58
Dodge: Dodged            ||    43
Block: Kite shield       ||    64
